AoeStats
← GDL | ELPROTEOAOE

Arena

508140502Analyzed
4v4 RM · 10d ago on Sep 21, 2026· 50m 40s· 8 players
Game mode
Random Map
Map size
Large (8 player)
Population
200
Speed
Normal
Resources
Standard
Victory
Conquest
Starting age
Dark Age
Ending age
Imperial Age
RankedLock teamsTeams togetherTeam positionsShared explorationLock speedFull tech treeHidden civsTurbo modeCheats
Victory
Defeat
1273
+10
🇨🇱 Turks · Chile
1145
+15
🇺🇸 Wei · United States
1080
+18
🇨🇱 Cumans · Chile
1056
+20
🇲🇽 Shu · Mexico
1189
-18
🇨🇱 Malay · Chile
1121
-15
🇨🇱 Persians · Chile
1112
-15
🇨🇱 Goths · Chile
1110
-15
[TP] Maxigaarp
11:16 Feudal Age
14:41 Castle Age
13:00 Horse Collar
15:48 Loom
16:42 Wheelbarrow
17:48 Double-Bit Axe
25:45 Heavy Plow
26:57 Scale Barding Armor
27:02 Forging
27:08 Bloodlines
26:58 Husbandry
31:26 Imperial Age
30:14 Hand Cart
31:27 Cavalier
32:55 Chain Barding Armor
33:10 Iron Casting
32:39 Kamandaran
33:00 Conscription
34:24 Padded Archer Armor
34:15 Fletching
35:01 Plate Barding Armor
34:34 Savar
34:48 Crossbowman
35:33 Thumb Ring
36:15 Bow Saw
35:57 Town Watch
38:23 Pikeman
39:04 Squires
38:49 Arson
39:05 Halberdier
45:19 Blast Furnace
44:19 Scale Mail Armor
48:01 Chain Mail Armor
[TP] Chateitor
13:07 Feudal Age
14:00 Double-Bit Axe
17:24 Castle Age
15:14 Loom
15:50 Man-at-Arms
18:36 Wheelbarrow
30:13 Wheelbarrow
31:39 Pikeman
33:54 Horse Collar
38:25 Squires
39:44 Forging
47:38 Iron Casting
GDL | ELPROTEOAOE
9:29 Feudal Age
13:12 Castle Age
11:42 Loom
14:01 Double-Bit Axe
24:22 Gold Mining
24:44 Bow Saw
24:27 Horse Collar
25:34 Fletching
28:42 Wheelbarrow
28:51 Heavy Plow
33:21 Imperial Age
31:25 Bodkin Arrow
30:54 Elite Skirmisher
31:48 Masonry
32:39 Padded Archer Armor
34:08 Bracer
34:23 Leather Archer Armor
35:12 Chemistry
35:59 Ballistics
36:10 Architecture
[TP] TheZizar
10:16 Feudal Age
9:18 Loom
14:33 Castle Age
13:22 Double-Bit Axe
13:26 Horse Collar
25:37 Forging
25:28 Scale Mail Armor
26:08 Heavy Plow
26:21 Bow Saw
27:53 Gold Mining
27:56 Stone Mining
30:16 Iron Casting
29:56 Chain Mail Armor
33:41 Imperial Age
31:17 Pikeman
31:57 Squires
33:47 Wheelbarrow
35:34 Crop Rotation
34:45 Halberdier
35:58 Perfusion
36:39 Hand Cart
37:16 Conscription
38:38 Anarchy
38:47 Elite Huskarl
42:22 Blast Furnace
[MAD1] Latif PW
3:20 Loom
13:31 Feudal Age
14:10 Double-Bit Axe
14:19 Gold Mining
14:10 Horse Collar
16:00 Fletching
21:29 Castle Age
20:51 Stone Mining
21:16 Padded Archer Armor
21:27 Forging
21:22 Scale Barding Armor
21:59 Crossbowman
23:55 Chain Barding Armor
28:12 Squires
29:01 Pikeman
30:50 Wheelbarrow
30:01 Town Watch
36:42 Stone Shaft Mining
37:06 Hand Cart
37:00 Scale Mail Armor
37:16 Leather Archer Armor
38:22 Gold Shaft Mining
42:29 Imperial Age
40:37 Bow Saw
42:27 Bodkin Arrow
42:48 Chain Mail Armor
43:08 Iron Casting
42:32 Heavy Scorpion
43:44 Bracer
44:14 Ring Archer Armor
46:29 Heavy Plow
47:19 Ballistics
47:41 Murder Holes
48:47 Chemistry
50:05 Town Patrol
[WWW-KT]YagaRetso_CL
1:38 Loom
10:11 Feudal Age
11:32 Double-Bit Axe
11:29 Horse Collar
14:29 Gold Mining
21:40 Wheelbarrow
22:18 Fletching
25:48 Castle Age
23:50 Stone Mining
24:02 Padded Archer Armor
24:58 Forging
25:41 Scale Barding Armor
26:48 Bow Saw
27:14 Gold Shaft Mining
26:41 Heavy Plow
26:44 Town Watch
27:13 Bloodlines
26:33 Pikeman
28:12 Iron Casting
28:09 Light Cavalry
29:31 Chain Barding Armor
30:07 Squires
29:52 Arson
33:19 Ballistics
32:55 Murder Holes
35:02 Hand Cart
38:55 Imperial Age
36:41 Bodkin Arrow
37:01 Scale Mail Armor
37:17 Leather Archer Armor
37:12 Steppe Husbandry
37:54 Masonry
39:56 Conscription
40:39 Blast Furnace
40:15 Plate Barding Armor
39:30 Cavalier
40:56 Chain Mail Armor
41:12 Ring Archer Armor
41:44 Chemistry
41:22 Coinage
41:08 Halberdier
41:12 Capped Ram
42:14 Hussar
45:07 Plate Mail Armor
47:03 Paladin
47:08 Elite Steppe Lancer
51:59 Two-Man Saw
[WWW]Fo
11:25 Feudal Age
12:05 Double-Bit Axe
12:36 Gold Mining
17:12 Castle Age
17:41 Loom
28:11 Horse Collar
29:56 Wheelbarrow
29:51 Stone Mining
30:37 Bow Saw
35:11 Heavy Plow
39:08 Imperial Age
38:00 Hand Cart
39:58 Bloodlines
39:49 Husbandry
40:51 Scale Barding Armor
40:57 Forging
40:37 Fletching
40:48 Padded Archer Armor
42:42 Chain Barding Armor
42:58 Iron Casting
43:10 Gold Shaft Mining
43:02 Conscription
45:18 Elite Janissary
47:01 Leather Archer Armor
46:43 Bodkin Arrow
[WWW - KT] Er MaRdiTho!
10:10 Feudal Age
13:44 Castle Age
11:54 Double-Bit Axe
12:27 Horse Collar
14:35 Bow Saw
20:49 Heavy Plow
23:18 Wheelbarrow
24:14 Gold Mining
25:38 Hand Cart
25:12 Loom
28:29 Imperial Age
26:31 Forging
27:04 Gold Shaft Mining
26:21 Stone Mining
27:37 Bloodlines
28:05 Husbandry
28:13 Scale Barding Armor
28:44 Iron Casting
28:32 Loom
28:34 Town Watch
29:38 Chain Barding Armor
28:41 Heavy Camel Rider
29:51 Squires
30:57 Blast Furnace
32:15 Plate Barding Armor
32:02 Imperial Camel Rider
36:44 Two-Man Saw
35:48 Town Patrol
35:40 Fletching
35:50 Padded Archer Armor
37:11 Chemistry
36:32 Ballistics
36:23 Masonry
36:19 Siege Engineers
37:48 Stone Shaft Mining
40:16 Conscription
39:56 Grand Trunk Road
40:03 Grand Trunk Road
40:06 Shatagni
40:58 Thumb Ring
43:25 Fortified Wall
43:12 Murder Holes
43:35 Leather Archer Armor
43:15 Bodkin Arrow
43:21 Scale Mail Armor
46:47 Hoardings
49:21 Bracer
Connection lost

Rejoining the realm…

Still unreachable

The connection could not be restored.

Session expired

The server has moved on; the page needs a fresh start.